 Dungeon Crawl Stone Soup version 0.28-a0-1084-ga282ea246d (webtiles) character file.

Game seed: 16744964877535593933

11151 GregHouse the Cleaver (level 11, 0/97 HPs)
             Began as a Hill Orc Monk on Dec 10, 2021.
             Was an Elder of Beogh.
             Slain by a death knight (8 damage)
             ... on level 11 of the Dungeon.
             The game lasted 00:40:05 (18098 turns).

GregHouse the Cleaver (Hill Orc Monk)              Turns: 18098, Time: 00:40:06

Health: 0/97       AC: 21    Str: 19    XL:     11   Next: 73%
Magic:  4/4        EV:  4    Int: 10    God:    Beogh [****..]
Gold:   378        SH: 19    Dex: 20    Spells: 10/10 levels left

rFire   + . .      SeeInvis .   w - +11 war axe of the Vase {freeze, rPois rCorr Dex+3}
rCold   . . .      Faith    .   P - +0 tower shield
rNeg    . . .      Spirit   .   y - +1 plate armour
rPois   +          Reflect  +   n - +0 helmet
rElec   .          Harm     .   H - +1 cloak {rCorr}
rCorr   +          Rampage  .   (no gloves)
Will    .....                   F - +0 pair of boots
Stlth   ..........              f - amulet of Kirruch {Reflect rPois rF+ MP-9 Dex+4 SH+5}
HPRegen 0.26/turn               p - ring of resist corrosion
MPRegen 0.09/turn               (no ring)

@: studying Shields
A: no striking features
a: Renounce Religion, Smiting, Recall Orcish Followers


You were on level 11 of the Dungeon.
You worshipped Beogh.
Beogh was greatly pleased with you.
You visited 2 branches of the dungeon, and saw 12 of its levels.

You collected 378 gold pieces.

Inventory:

Hand Weapons
 b - a +1 scythe of venom
 d - a +2 dagger of venom
 g - a +0 war axe
 w - the +11 war axe of the Vase (weapon) {freeze, rPois rCorr Dex+3}
   (You found it on level 5 of the Dungeon)

   It freezes those it strikes, dealing additional cold damage.
   It can also slow down cold-blooded creatures.
   Dex:       It affects your dexterity (+3).
   rPois:     It protects you from poison.
   rCorr:     It protects you from acid and corrosion.
 C - a +2 vorpal hunting sling
 G - a +2 whip of electrocution
 I - a +3 spear of venom
 N - a +0 eveningstar of protection
Missiles
 v - 2 throwing nets
Armour
 n - a +0 helmet (worn)
 y - a +1 plate armour (worn)
 F - a +0 pair of boots (worn)
 H - a +1 cloak of preservation (worn)
 P - a +0 tower shield (worn)
Jewellery
 f - the amulet of Kirruch (around neck) {Reflect rPois rF+ MP-9 Dex+4 SH+5}
   (You acquired it on level 10 of the Dungeon)

   [amulet of reflection]

   It reflects blocked missile attacks.
   Dex:       It affects your dexterity (+4).
   rF:        It protects you from fire.
   rPois:     It protects you from poison.
   MP:        It affects your magic capacity (-9).
   SH:        It affects your SH (+5).
 j - a +6 ring of intelligence
 p - a ring of resist corrosion (left hand)
Wands
 x - a wand of flame (27) (quivered)
Scrolls
 c - a scroll of silence
 e - 2 scrolls of amnesia
 i - 2 scrolls of teleportation
 l - a scroll of immolation {unknown}
 m - 2 scrolls of holy word {unknown}
 o - 2 scrolls of torment {unknown}
 r - a scroll of enchant armour
 t - 3 scrolls of fear
 z - a scroll of noise {unknown}
 D - a scroll of blinking {unknown}
 M - a scroll of magic mapping {unknown}
 O - a scroll of fog {unknown}
Potions
 a - a potion of attraction {unknown}
 q - 2 potions of haste
 s - a potion of resistance {unknown}
 u - 2 potions of lignification
 A - 2 potions of ambrosia
 B - 5 potions of curing
 E - a potion of brilliance
 K - 3 potions of degeneration
 L - a potion of might


   Skills:
 + Level 9.6 Fighting
 + Level 3.6 Short Blades
 + Level 13.7(14.2) Axes
 + Level 4.5(8.8) Polearms
 + Level 10.9 Armour
 + Level 4.1 Dodging
 + Level 3.3 Stealth
 + Level 3.3 Shields
 * Level 3.1 Invocations


You had 10 spell levels left.
You didn't know any spells.
Your spell library contained the following spells:

 Spells                   Type           Power      Damage    Failure   Level
 Animate Skeleton         Necr           0%         N/A       100%        1
 Apportation              Tloc           0%         N/A       100%        1
 Beastly Appendage        Tmut           0%         N/A       100%        1
 Sting                    Tmut/Pois      0%         1d3       100%        1
 Summon Small Mammal      Summ           0%         N/A       100%        1
 Poisonous Vapours        Pois/Air       0%         N/A       100%        2
 Dazzling Flash           Conj/Hex       0%         N/A       100%        3
 Portal Projectile        Hex/Tloc       0%         N/A       100%        3
 Cause Fear               Hex            0%         N/A       100%        4
 Iskenderun's Mystic Bla  Conj/Tloc      0%         2d3       100%        4
 Leda's Liquefaction      Hex/Erth       0%         N/A       100%        4
 Olgreb's Toxic Radiance  Pois           0%         N/A       100%        4
 Blade Hands              Tmut           0%         N/A       100%        5
 Excruciating Wounds      Necr           0%         N/A       100%        5
 Silence                  Hex/Air        0%         N/A       100%        5
 Conjure Ball Lightning   Conj/Air       0%         3x3d6     100%        6
 Starburst                Conj/Fire      0%         6d3       100%        6
 Necromutation            Tmut/Necr      0%         N/A       100%        8


Dungeon Overview and Level Annotations

Branches:
Dungeon (11/15)            Temple (0/1) D:5            Lair (1/6) D:10
    Orc: D:9-12

Altars:
Dithmenos
Elyvilon
Kikubaaqudgha
Makhleb
Ru
Sif Muna
Wu Jian
Xom
Yredelemnul
The Shining One

Shops:
D:1 (   D:2 (

Annotations:
D:8 3 runed translucent doors, Stonecrops's ghost, novice DsBe


Message History

Okay, then.
You are too confused!
Something hits your orc warrior!
Something closely misses your orc warrior.
The vampire hits you. The vampire barely misses you.
The death knight hits you from afar with a +3 glaive!
* * * LOW HITPOINT WARNING * * *
You are too confused!
Your orc knight no longer looks unusually strong.
Something hits your orc warrior. The vampire hits you!
* * * LOW HITPOINT WARNING * * *
The vampire bites you.
* * * LOW HITPOINT WARNING * * *
The vampire draws strength from your injuries!
The death knight hits you but does no damage.
You are too confused!
You feel less confused.
You block the vampire's attack. x2; Something hits your orc warrior.
The death knight completely misses you.
You barely miss the vampire. Something hits your orc warrior.
The vampire hits you but does no damage.
You block the vampire's attack.
Your orc knight roars a battlecry!
Your orcs go into a battle-frenzy!
You block the death knight's attack.
You hit the vampire.
The vampire is moderately damaged.
The death knight's dark mirror aura disappears.
Something hits your orc knight. You block the vampire's attack.
The vampire bites you but does no damage.
You block the death knight's attack.
Your orc knight roars a battlecry!
Your orc knight goes into a battle-frenzy!
Your orc warrior closely misses the vampire.
You closely miss the vampire.
The vampire is moderately damaged.
Something barely misses your orc knight.
You block the vampire's attack. x2
The death knight hits you from afar with a +3 glaive!
You die...

###........# ....###
#.......#.$# #.....
#.........#######....
#....###.)#.$#..#..#
#.... #.(.)..#......
#..#. #$.#.†###..#
...## ####.......####
#. #......o#.)#
#.....###@oo..#
##.....#..V.)##
.....#..#..#p......#
.....#######..|⌠)..#
..... #.......# ###.
...###.... ..... ....
..#..# #.. ...#### ..


You could see a death knight, a vampire (ally target), 2 friendly orc knights
and a friendly orc warrior (strong).

Vanquished Creatures
  Harold (D:8)
  2 two-headed ogres
  Urug (D:10)
  Pikel (D:8)
  Maurice (D:9)
  Joseph (D:8)
  Psyche (D:11)
  2 hornets (D:10)
  2 shadows (D:10)
  Sigmund (D:3)
  9 yaks
  A water moccasin (Lair:1)
  An acid dragon (D:5)
  An orc warrior (D:6)
  4 sky beasts
  A black bear (D:4)
  2 ice beasts (D:5)
  4 ogres
  6 centaurs
  A phantom (D:4)
  A lemure (D:8)
  A gnoll sergeant (D:9)
  2 bullfrogs
  A water moccasin zombie (D:6)
  A water moccasin skeleton (D:5)
  4 wights (D:8)
  3 electric eels (D:6)
  3 howler monkeys
  A centaur zombie (D:6)
  2 bullfrog skeletons (D:5)
  2 orc priests (D:8)
  3 centaur skeletons
  A hound (D:5)
  A jelly (D:5)
  2 iguanas (D:5)
  Jessica (D:2)
  Natasha (thrice) (D:3)
  6 orc wizards
  A hound skeleton (D:5)
  5 adders
  8 gnolls
  2 shadow imps (D:5)
  2 white imps
  An adder skeleton (D:4)
  3 worms
  A dart slug (D:1)
  22 orcs
  5 ball pythons
  6 endoplasms
  7 giant cockroaches
  6 goblins
  4 hobgoblins
  3 jackals (D:1)
  4 kobolds
  3 quokkas
  5 bats
  5 frilled lizards
  3 rats
  A butterfly (D:5)
178 creatures vanquished.

Vanquished Creatures (collateral kills)
  A boulder beetle (D:11)
  A centaur warrior (D:11)
  A deep elf pyromancer (D:11)
  A manticore (D:11)
  A troll (D:11)
  A hornet (D:9)
  A shadow (D:11)
  A wyvern (Lair:1)
  2 yaks (D:10)
  A water moccasin (Lair:1)
  An orc warrior (D:10)
  A centaur (D:11)
  A lemure (D:8)
  A howler monkey (D:9)
  3 orc wizards (D:8)
  4 orcs (D:8)
22 creatures vanquished.

Vanquished Creatures (others)
  An orc (D:6)
  A rat (D:11)
2 creatures vanquished.

Grand Total: 202 creatures vanquished

Notes
Turn   | Place    | Note
-------+----------+-------------------------------------------
     0 | D:1      | GregHouse the Hill Orc Monk began the quest for the Orb.
     0 | D:1      | Reached XP level 1. HP: 19/19 MP: 1/1
   572 | D:1      | Reached XP level 2. HP: 26/27 MP: 2/2
  1323 | D:1      | Reached XP level 3. HP: 33/33 MP: 3/3
  1415 | D:1      | Found Lietroly's Antique Weapon Emporium.
  2118 | D:2      | Found a shimmering altar of Xom.
  2819 | D:2      | Found Tayssal's Weapon Boutique.
  3111 | D:2      | Noticed Jessica
  3118 | D:2      | Killed Jessica
  3119 | D:2      | Reached skill level 1 in Short Blades
  3119 | D:2      | Reached skill level 1 in Armour
  3119 | D:2      | Reached XP level 4. HP: 38/40 MP: 4/4
  4009 | D:3      | Noticed Natasha
  4015 | D:3      | Killed Natasha
  4016 | D:3      | Reached XP level 5. HP: 47/47 MP: 5/5
  4088 | D:3      | Noticed Natasha
  4098 | D:3      | Killed Natasha
  4189 | D:3      | Noticed Sigmund
  4204 | D:3      | Killed Sigmund
  4205 | D:3      | Reached XP level 6. HP: 33/53 MP: 6/6
  4492 | D:3      | Noticed Natasha
  4500 | D:3      | Killed Natasha
  4740 | D:4      | Noticed a black bear
  4757 | D:4      | Killed a black bear
  4758 | D:4      | Reached skill level 5 in Fighting
  4758 | D:4      | Reached skill level 1 in Polearms
  4758 | D:4      | Reached XP level 7. HP: 17/61 MP: 7/7
  5217 | D:4      | Found a shimmering blue altar of Sif Muna.
  5652 | D:5      | Entered Level 5 of the Dungeon
  6156 | D:5      | Identified the +11 war axe of the Vase {freeze, rPois rCorr
                  | Dex+3}
  6505 | D:5      | Got the Volume of Beguiling
  6551 | D:5      | Reached XP level 8. HP: 69/69 MP: 8/8
  6592 | D:5      | Reached skill level 5 in Axes
  6838 | D:5      | Found a staircase to the Ecumenical Temple.
  7019 | D:5      | Reached skill level 5 in Armour
  7501 | D:5      | Reached skill level 6 in Axes
  7772 | D:5      | Reached XP level 9. HP: 78/78 MP: 9/9
  8253 | D:6      | Reached skill level 7 in Axes
  9319 | D:6      | Became a worshipper of Beogh the Brigand
  9319 | D:6      | Reached * piety under Beogh
  9319 | D:6      | Reached ** piety under Beogh
  9483 | D:6      | Found a sacrificial altar of Ru.
  9486 | D:6      | Reached skill level 8 in Axes
  9804 | D:6      | Found a glowing golden altar of the Shining One.
 10147 | D:8      | Reached skill level 9 in Axes
 10564 | D:8      | Found a runed translucent gate.
 10564 | D:8      | Found a runed translucent gate.
 10564 | D:8      | Found a runed translucent gate.
 10569 | D:8      | Noticed Stonecrops's ghost (novice DsBe)
 10727 | D:8      | Noticed Joseph
 10737 | D:8      | Killed Joseph
 10737 | D:8      | Reached *** piety under Beogh
 11120 | D:8      | Reached skill level 10 in Axes
 11213 | D:8      | Noticed Harold
 11231 | D:8      | Killed Harold
 11232 | D:8      | Reached XP level 10. HP: 43/88 MP: 10/10
 11428 | D:8      | Noticed Pikel
 11440 | D:8      | Killed Pikel
 11441 | D:8      | Reached skill level 11 in Axes
 12392 | D:9      | Found an ancient bone altar of Kikubaaqudgha.
 12861 | D:9      | Noticed Maurice
 12866 | D:9      | Paralysed by Maurice for 4 turns
 12881 | D:9      | Killed Maurice
 12919 | D:9      | Noticed a two-headed ogre
 12923 | D:9      | Killed a two-headed ogre
 12924 | D:9      | Reached skill level 12 in Axes
 13385 | D:9      | Found a white marble altar of Elyvilon.
 14310 | D:10     | Entered Level 10 of the Dungeon
 14986 | D:10     | Got the Disquisition on Destructive Transmutation
 15023 | D:10     | Reached XP level 11. HP: 88/97 MP: 11/11
 15217 | D:10     | Found a shimmering altar of Xom.
 15231 | D:10     | Reached skill level 13 in Axes
 15458 | D:10     | Found a basalt altar of Yredelemnul.
 15504 | D:10     | Found a shadowy altar of Dithmenos.
 15578 | D:10     | Found an ornate altar of the Wu Jian Council.
 15653 | D:10     | Found a staircase to the Lair.
 15751 | D:10     | Found a burning altar of Makhleb.
 15778 | D:10     | Reached skill level 10 in Armour
 15780 | D:10     | Reached skill level 1 in Shields
 16230 | D:10     | Noticed Urug
 16241 | D:10     | Killed Urug
 16903 | Lair:1   | Entered Level 1 of the Lair of Beasts
 17373 | D:11     | Noticed a manticore
 17482 | D:11     | Killed a manticore
 17879 | D:10     | Identified 2 scrolls of acquirement
 17880 | D:10     | Acquired a manual of Shields
 17884 | D:10     | Acquired the amulet of Kirruch {Reflect rPois rF+ MP-9
                  | Dex+4 SH+5}
 18031 | D:11     | Noticed a two-headed ogre
 18036 | D:11     | Killed a two-headed ogre
 18037 | D:11     | Reached skill level 1 in Invocations
 18058 | D:11     | Noticed a centaur warrior
 18058 | D:11     | Noticed Psyche
 18059 | D:11     | Noticed a boulder beetle
 18060 | D:11     | Noticed a deep elf pyromancer
 18063 | D:11     | Killed a centaur warrior
 18067 | D:11     | Killed a deep elf pyromancer
 18074 | D:11     | Killed Psyche
 18075 | D:11     | Reached **** piety under Beogh
 18077 | D:11     | Killed a boulder beetle
 18084 | D:11     | Noticed a death knight
 18098 | D:11     | Slain by a death knight

Illustrated notes

Levels and vault maps discovered:
D:1:      kilobyte_arrival_exit_the_forest, layout_rooms, serial_shops,
          nicolae_shop_crystal, wander_ebering_terrifying_dragon_lair
D:2:      layout_basic, basic_altar, serial_shops, nicolae_shop_crystal,
          corner_web_ring, uniq_jessica
D:3:      layout_basic, uniq_sigmund, uniq_natasha
D:4:      layout_rooms, marbit_many_paths, st_stairs_7,
          kennysheep_generic_room_11
D:5:      cheibrodos_barr_body, layout_basic, minmay_temple_entry_butterflies
D:6:      layout_rooms, mainiacjoe_overflow_brackets,
          nicolae_ru_great_annihilating_truth, kennysheep_another_room,
          water_maze_lemuel
D:7:      layout_gridville, lemuel_tele_altar, mainiacjoe_overflow_alcove_2
D:8:      layout_basic, gammafunk_ghost_necromancy, uniq_pikel, uniq_harold,
          uniq_joseph
D:9:      layout_stronghold, elyvilon_altar_3,
          mainiacjoe_overflow_concentric_impassable, uniq_maurice
D:10:     layout_layer_cave, mainiacjoe_overflow_catwalk,
          lightli_temple_of_fire, old_standard_altar,
          mainiacjoe_overflow_catwalk_spiral, lair_entry_dummy, uniq_urug
D:11:     hangedman_cross_cluster, layout_loops_cross,
          nicolae_trove_entry_diagonal, ebering_ghost_funeral_grove, uniq_sonja,
          uniq_psyche, uniq_erolcha
Lair:1:   layout_gridlike, lemuel_fruit_tree

Skill      XL: |  1  2  3  4  5  6  7  8  9 10 11 |
---------------+----------------------------------+-----
Fighting       | 4 5 6 7 9 |  9.6
Short Blades   | 1 3 |  3.6
Armour         | 1 2 3 4 5 8 9 10 | 10.9
Dodging        | 3 4 |  4.1
Polearms       | 1 3 4 |  4.5
Stealth        | 2 3 |  3.3
Axes           | 6 10 12 13 | 13.7
Shields        | 3 |  3.3
Invocations    | 3 |  3.1

Action                   |  1- 3 |  4- 6 |  7- 9 | 10-12 || total
-------------------------+-------+-------+-------+-------++-------
Melee: Hand axe          |    35 |       |       |       ||    35
       Dagger            |    87 |    65 |       |       ||   152
       Scythe            |       |    23 |    36 |       ||    59
       War axe           |       |       |   159 |   127 ||   286
Invok: Convert to Beogh  |       |       |     1 |       ||     1
  Use: Potion            |       |     4 |     1 |       ||     5
       Scroll            |       |     1 |     1 |    11 ||    13
 Stab: Sleeping          |     1 |       |     1 |       ||     2
       Distracted        |       |       |     1 |     2 ||     3
       Paralysed         |       |       |     1 |       ||     1
Armor: Robe              |     9 |       |       |       ||     9
       Ring mail         |    17 |    27 |    16 |       ||    60
       Plate armour      |       |       |    72 |    71 ||   143
Dodge: Dodged            |    69 |    59 |    77 |    32 ||   237
Block: Buckler           |       |       |       |     5 ||     5
       Tower shield      |       |       |       |    41 ||    41
       Reflection        |       |       |       |     3 ||     3

Table legend: (Time is in decaauts)
 A = Elapsed time spent in this place.
 B = Non-inter-level travel time spent in this place.
 C = Inter-level travel time spent in this place.
 D = Time resting spent in this place.
 E = Time spent auto-exploring this place.
 F = Levels seen in this place.
 G = Mean time per level.
                   A        B        C        D        E       F      G
               +--------+--------+--------+--------+--------+-----+--------+
         Total |  18186 |  17731 |    455 |   9777 |   5488 |  12 | 1515.5 |
       Dungeon |  18014 |  17559 |    455 |   9634 |   5488 |  11 | 1637.6 |
          Lair |    172 |    172 |      0 |    143 |      0 |   1 |  172.0 |
               +--------+--------+--------+--------+--------+-----+--------+

Top non-repeatable levels by time:
    D:10: 2995 daAuts
     D:5: 2404 daAuts
     D:9: 2207 daAuts
     D:8: 2110 daAuts
     D:1: 1960 daAuts
     D:2: 1354 daAuts
     D:4: 1321 daAuts
     D:3: 1278 daAuts
     D:6: 1152 daAuts
     D:7: 727 daAuts
    D:11: 501 daAuts
  Lair:1: 172 daAuts
